 Dungeon Crawl Stone Soup version 0.32-a0-560-g4c7f4391e0 (webtiles) character file.

Game seed: 15916906471004515910

4 cforsyth the Grave Robber (level 1, -2/15 HPs)
             Began as a Mountain Dwarf Necromancer on Feb 29, 2024.
             Slain by a quokka (4 damage)
             ... on level 1 of the Dungeon.
             The game lasted 00:00:54 (212 turns).

cforsyth the Grave Robber (MDNe)                     Turns: 212, Time: 00:00:54

Health: -2/15      AC:  2    Str: 10    XL:     1   Next: 50%
Magic:  1/3        EV: 11    Int: 15    God:
Gold:   0          SH:  0    Dex: 10    Spells: 2/3 levels left

rFire   + . .        (no weapon)
rCold   . . .        (no shield)
rNeg    . . .        a - +0 robe
rPois   .            (no helmet)
rElec   .            (no cloak)
rCorr   .            (no gloves)
SInv    .            (no boots)
Will    .....        (no amulet)
Stlth   ++           F - ring of protection from fire
HPRegen 0.22/turn    (no ring)
MPRegen 0.08/turn

%: no passive effects
@: no status effects
A: runic magic, artefact enchanting
a: no special abilities


You were on level 1 of the Dungeon.
You visited 1 branch of the dungeon, and saw 1 of its levels.


Innate Abilities, Weirdness & Mutations

Your spellcasting is much less encumbered by armour.
You can use scrolls of enchantment on lesser artefacts.


   Skills:
 + Level 0.7 Fighting
 - Level 1.3 Dodging
 - Level 1.4 Stealth
 - Level 1.7 Spellcasting
 + Level 4.5 Necromancy


You had 2 spell levels left.
You knew the following spells:

 Your Spells              Type           Power      Damage    Failure   Level
X - Necrotise             Necr           56%        1d6       3%          1

Your spell library contained the following spells:

 Spells                   Type           Power      Damage    Failure   Level
 Vampiric Draining        Necr           14%        2d7       11%         3
 Animate Dead             Necr           14%        N/A       34%         4
 Curse of Agony           Necr           14%        N/A       69%         5

Inventory:

Armour
 a - a +0 robe (worn)
Jewellery
 F - a ring of protection from fire (left hand)
Scrolls
 c - a scroll of identify {unknown}
 d - a scroll of teleportation {unknown}
Potions
 b - a potion of magic

Dungeon Overview and Level Annotations

Branches:
Dungeon (1/15)

Altars:

## ? ### #....
.# ..#..##
...#...#.#
#...#..!#
..#..r#.#
..#...#.@.#
.#...#...#.# #
..#...#...#
..#...#...#.#
.#...#...#..##
#..#...#....#
#..#...#.##
#..#...#
##...###


You could see a quokka.


Message History

You are too injured to fight recklessly!
You are too injured to fight recklessly!
You are too injured to fight recklessly!
You are too injured to fight recklessly!
You are too injured to fight recklessly!
You are too injured to fight recklessly!
You hit the quokka but do no damage.
The quokka is heavily wounded.
The quokka bites you.
* * * LOW HITPOINT WARNING * * *
Your magical contamination has completely faded away.
You hit the quokka.
The quokka is almost dead.
The quokka closely misses you. The quokka bites you.
* * * LOW HITPOINT WARNING * * *
You completely miss the quokka.
The quokka is severely wounded.
The quokka bites you.
* * * LOW HITPOINT WARNING * * *
You barely miss the quokka.
The quokka is severely wounded.
The quokka misses you.
You closely miss the quokka.
The quokka is severely wounded.
The quokka bites you.
* * * LOW HITPOINT WARNING * * *
You barely miss the quokka.
The quokka is severely wounded.
The quokka bites you.
You die...

Action                     || total
---------------------------++-------
  Melee: Unarmed           ||    16
   Cast: Necrotise         ||     6
 Armour: Robe              ||    17
  Dodge: Dodged            ||    13

Levels and vault maps discovered:
D:1:      tarquinn_simple_flora_water_e, layout_loops_ring,
          minmay_tree_intersection, hex_medium

Notes
Turn   | Place    | Note
-------+----------+-------------------------------------------
     0 | D:1      | cforsyth the Mountain Dwarf Necromancer began the quest for
                  | the Orb.
     0 | D:1      | Reached XP level 1. HP: 14/14 MP: 3/3
   212 | D:1      | Slain by a quokka

Vanquished Creatures
  An endoplasm (D:1)
  2 bats (D:1)
  A goblin (D:1)
4 creatures vanquished.

Table legend: (Time is in decaauts)
 A = Elapsed time spent in this place.
 B = Non-inter-level travel time spent in this place.
 C = Inter-level travel time spent in this place.
 D = Time resting spent in this place.
 E = Time spent auto-exploring this place.
 F = Levels seen in this place.
 G = Mean time per level.
                   A        B        C        D        E       F      G
               +--------+--------+--------+--------+--------+-----+--------+
         Total |    211 |    211 |      0 |      0 |    167 |   1 |  211.0 |
       Dungeon |    211 |    211 |      0 |      0 |    167 |   1 |  211.0 |
               +--------+--------+--------+--------+--------+-----+--------+

Top non-repeatable levels by time:
     D:1: 211 daAuts

Table legend:
 A = Non-vault XP
 B = Vault XP
 C = Vault XP percentage of total XP
 D = Non-vault monster count
 E = Vault monster count
 F = Vault count percentage of total count
                 A         B        C        D         E       F
            +---------+---------+-------+---------+---------+-------
      Total |       6 |       0 |   0.0 |       4 |       0 |   0.0
            +---------+---------+-------+---------+---------+-------
        D:1 |       6 |       0 |   0.0 |       4 |       0 |   0.0
            +---------+---------+-------+---------+---------+-------
